3AAA
BRINKLEY BELUGAS @ GRYFINDOR BRAVES
08/12/2033
 
TOP OF THE 1ST
Brinkley Belugas batting - Pitching for Gryfindor Braves : RHP Dusty Fox
Pitching: RHP Dusty Fox
Batting: LHB Gerald Kaufman 0-0: Called Strike
0-1: Ball
1-1: Ball
2-1: SINGLE (Line Drive, 89S)
Batting: RHB Wu-shiun Wang 0-0: Called Strike
0-1: Ball
Throwing error on steal attempt, E2
Gerald Kaufman to third
1-1: SINGLE (Groundball, 23) (infield hit)
Gerald Kaufman scores
Batting: RHB Guy Toussaint 0-0: Foul Ball, location: 2F
0-1: Ball
1-1: Foul Ball, location: 2F
1-2: Ground out 6-3 (Groundball, 6S)
Wu-shiun Wang to second
Batting: LHB William O'Keefe 0-0: Fly out, F6 (Line Drive, 6M)
Batting: RHB Felix Plugge 0-0: Ball
1-0: Foul Ball, location: 2F
1-1: Ball
2-1: Fly out, F7 (Flyball, 7)
Top of the 1st over - 1 run, 2 hits, 1 error, 1 left on base; Brinkley 1 - Gryfindor 0
BOTTOM OF THE 1ST
Gryfindor Braves batting - Pitching for Brinkley Belugas : RHP Alejandro Araya
Pitching: RHP Alejandro Araya
Batting: LHB José Cuervo 0-0: Called Strike
0-1: Bunted foul
0-2: Strikes out swinging
Batting: SHB Fernando Sánchez 0-0: Ground out 4-3 (Groundball, 4)
Batting: LHB Austin Hathaway 0-0: Called Strike
0-1: Ball
1-1: Ground out 6-3 (Groundball, 6)
Bottom of the 1st over - 0 runs, 0 hits, 0 errors, 0 left on base; Brinkley 1 - Gryfindor 0
TOP OF THE 2ND
Brinkley Belugas batting - Pitching for Gryfindor Braves : RHP Dusty Fox
Batting: RHB Cisco Feijoo 0-0: Swinging Strike
0-1: Ground out 5-3 (Groundball, 56)
Batting: RHB Jason Bringle 0-0: Called Strike
0-1: Ground out 6-3 (Groundball, 56D)
Batting: RHB Martín Alejadre 0-0: Called Strike
0-1: Foul Ball, location: 2F
0-2: Ground out 4-3 (Groundball, 4)
Top of the 2nd over - 0 runs, 0 hits, 0 errors, 0 left on base; Brinkley 1 - Gryfindor 0
BOTTOM OF THE 2ND
Gryfindor Braves batting - Pitching for Brinkley Belugas : RHP Alejandro Araya
Batting: LHB Fernando Ramírez 0-0: Called Strike
0-1: Ground out 1-3 (Groundball, 15S)
Batting: RHB César Ramos 0-0: Ball
1-0: Called Strike
1-1: Foul Ball, location: 2F
1-2: Foul Ball, location: 2F
1-2: Foul Ball, location: 2F
1-2: Ball
2-2: Ball
3-2: Foul Ball, location: 2F
3-2: Ground out 5-3 (Groundball, 5)
Batting: RHB Ramón Valdéz 0-0: Called Strike
0-1: Ground out 6-3 (Groundball, 6)
Bottom of the 2nd over - 0 runs, 0 hits, 0 errors, 0 left on base; Brinkley 1 - Gryfindor 0
TOP OF THE 3RD
Brinkley Belugas batting - Pitching for Gryfindor Braves : RHP Dusty Fox
Batting: RHB Oscar Gandarilla 0-0: Ball
1-0: Foul Ball, location: 2F
1-1: Called Strike
1-2: Foul Ball, location: 2F
1-2: Ball
2-2: SOLO HOME RUN (Flyball, 7LD), Distance : 365 ft
Batting: LHB Gerald Kaufman 0-0: Fly out, F3 (Line Drive, 34)
Batting: RHB Wu-shiun Wang 0-0: Ground out 6-3 (Groundball, 6)
Batting: RHB Guy Toussaint 0-0: Ball
1-0: Ball
2-0: Ball
3-0: Called Strike
3-1: Ground out 1-3 (Groundball, 15S)
Top of the 3rd over - 1 run, 1 hit, 0 errors, 0 left on base; Brinkley 2 - Gryfindor 0
BOTTOM OF THE 3RD
Gryfindor Braves batting - Pitching for Brinkley Belugas : RHP Alejandro Araya
Batting: RHB Akke Derksen 0-0: Ground out U3 (Groundball, 3)
Batting: RHB Javier López 0-0: Ball
1-0: Ball
2-0: Foul Ball, location: 2F
2-1: Foul Ball, location: 2F
2-2: Ball
3-2: Strikes out swinging
Batting: RHB Panas Pletnev 0-0: Called Strike
0-1: Fly out, F5 (Line Drive, 5)
Bottom of the 3rd over - 0 runs, 0 hits, 0 errors, 0 left on base; Brinkley 2 - Gryfindor 0
TOP OF THE 4TH
Brinkley Belugas batting - Pitching for Gryfindor Braves : RHP Dusty Fox
Batting: LHB William O'Keefe 0-0: Called Strike
0-1: Called Strike
0-2: Foul Ball, location: 2F
0-2: Strikes out looking
Batting: RHB Felix Plugge 0-0: Foul Ball, location: 2F
0-1: Swinging Strike
0-2: Ground out 5-3 (Groundball, 56)
Batting: RHB Cisco Feijoo 0-0: Foul Ball, location: 2F
0-1: Ground out 5-3 (Groundball, 5L)
Top of the 4th over - 0 runs, 0 hits, 0 errors, 0 left on base; Brinkley 2 - Gryfindor 0
BOTTOM OF THE 4TH
Gryfindor Braves batting - Pitching for Brinkley Belugas : RHP Alejandro Araya
Batting: LHB José Cuervo 0-0: Ball
1-0: Fly out, F7 (Flyball, 7LD)
Batting: SHB Fernando Sánchez 0-0: Ball
1-0: Ball
2-0: Called Strike
2-1: Ball
3-1: Called Strike
3-2: Strikes out swinging
Batting: LHB Austin Hathaway 0-0: Foul Ball, location: 2F
0-1: Ball
1-1: Foul Ball, location: 2F
1-2: Ball
2-2: Ball
3-2: Ground out 3-1 (Groundball, 34S)
Bottom of the 4th over - 0 runs, 0 hits, 0 errors, 0 left on base; Brinkley 2 - Gryfindor 0
TOP OF THE 5TH
Brinkley Belugas batting - Pitching for Gryfindor Braves : RHP Dusty Fox
Batting: RHB Jason Bringle 0-0: Bunt missed!
0-1: Called Strike
0-2: Ball
1-2: Strikes out swinging
Batting: RHB Martín Alejadre 0-0: Foul Ball, location: 2F
0-1: Ball
1-1: Called Strike
1-2: Ball
2-2: Ground out 4-3 (Groundball, 4)
Batting: RHB Oscar Gandarilla 0-0: Foul Ball, location: 2F
0-1: Ball
1-1: Ball
2-1: Swinging Strike
2-2: Ball
3-2: Base on Balls
Batting: LHB Gerald Kaufman 0-0: Ball
1-0: Foul Ball, location: 2F
1-1: Ball
2-1: Foul Ball, location: 2F
2-2: Ball
3-2: SINGLE (Groundball, 6M) (infield hit)
Oscar Gandarilla to second
Batting: RHB Wu-shiun Wang 0-0: Ball
1-0: Called Strike
1-1: Foul Ball, location: 2F
1-2: Fly out, F8 (Line Drive, 8RXD)
Top of the 5th over - 0 runs, 1 hit, 0 errors, 2 left on base; Brinkley 2 - Gryfindor 0
BOTTOM OF THE 5TH
Gryfindor Braves batting - Pitching for Brinkley Belugas : RHP Alejandro Araya
Batting: LHB Fernando Ramírez 0-0: Ball
1-0: Ball
2-0: Foul Ball, location: 2F
2-1: Ball
3-1: Called Strike
3-2: SINGLE (Groundball, 56D)
Batting: RHB César Ramos 0-0: Called Strike
0-1: Ball
1-1: SINGLE (Groundball, 6MD)
Fernando Ramírez to second
Batting: RHB Ramón Valdéz 0-0: Called Strike
0-1: Hit by Pitch
Fernando Ramírez to third
César Ramos to second
Batting: RHB Akke Derksen 0-0: Ball
1-0: Ball
2-0: Ball
3-0: Base on Balls
Fernando Ramírez scores
César Ramos to third
Ramón Valdéz to second
Batting: RHB Javier López 0-0: Swinging Strike
0-1: Grounds into fielders choice 1-2 (Groundball, 15)
Ramón Valdéz to third
Akke Derksen to second
Batting: RHB Panas Pletnev 0-0: Foul Ball, location: 2F
0-1: Ball
Wild Pitch!
Ramón Valdéz scores
Akke Derksen to third
Javier López to second
1-1: Foul Ball, location: 2F
1-2: Foul Ball, location: 2F
1-2: Foul Ball, location: 2F
1-2: Fly out, F5 (Popup, 25F)
Batting: LHB José Cuervo 0-0: Ball
1-0: Ground out U3 (Groundball, 3)
Bottom of the 5th over - 2 runs, 2 hits, 0 errors, 2 left on base; Brinkley 2 - Gryfindor 2
TOP OF THE 6TH
Brinkley Belugas batting - Pitching for Gryfindor Braves : RHP Dusty Fox
Batting: RHB Guy Toussaint 0-0: Ball
1-0: Ground out U3 (Groundball, 3)
Batting: LHB William O'Keefe 0-0: Fly out, F6 (Flyball, 6MD)
Batting: RHB Felix Plugge 0-0: Ball
1-0: Swinging Strike
1-1: Ball
2-1: Foul Ball, location: 2F
2-2: Ball
3-2: Ground out 4-3 (Groundball, 4M)
Top of the 6th over - 0 runs, 0 hits, 0 errors, 0 left on base; Brinkley 2 - Gryfindor 2
BOTTOM OF THE 6TH
Gryfindor Braves batting - Pitching for Brinkley Belugas : RHP Alejandro Araya
Batting: SHB Fernando Sánchez 0-0: Ball
1-0: Fly out, F9 (Flyball, 9S)
Batting: LHB Austin Hathaway 0-0: Ball
1-0: Ball
2-0: Called Strike
2-1: Foul Ball, location: 2F
2-2: Ball
3-2: Base on Balls
Batting: LHB Fernando Ramírez 0-0: Ball
1-0: Ball
2-0: Grounds into double play, 4-6-3 (Groundball, 4)
Bottom of the 6th over - 0 runs, 0 hits, 0 errors, 0 left on base; Brinkley 2 - Gryfindor 2
TOP OF THE 7TH
Brinkley Belugas batting - Pitching for Gryfindor Braves : RHP Dusty Fox
Batting: RHB Cisco Feijoo 0-0: Ball
1-0: Ball
2-0: Ball
3-0: Called Strike
3-1: Base on Balls
Batting: RHB Jason Bringle 0-0: Ball
1-0: Called Strike
1-1: Called Strike
Cisco Feijoo steals 2nd base
1-2: Ball
2-2: Foul Ball, location: 2F
2-2: DOUBLE (Line Drive, 78D)
Cisco Feijoo scores
Batting: RHB Martín Alejadre 0-0: Intentional Walk
Batting: RHB Oscar Gandarilla 0-0: Sac Bunt - play at first, batter OUT! 3-4
Jason Bringle to third
Martín Alejadre to second
Batting: LHB Gerald Kaufman 0-0: Ground out U3 (Groundball, 3)
Batting: RHB Wu-shiun Wang 0-0: Fly out, F8 (Flyball, 8LD)
Top of the 7th over - 1 run, 1 hit, 0 errors, 2 left on base; Brinkley 3 - Gryfindor 2
BOTTOM OF THE 7TH
Gryfindor Braves batting - Pitching for Brinkley Belugas : RHP Alejandro Araya
Batting: RHB César Ramos 0-0: Ball
1-0: Called Strike
1-1: Swinging Strike
1-2: Ball
2-2: Hit by Pitch
Pitching: RHP Desiderio Toccafundo
Batting: RHB Ramón Valdéz 0-0: Ball
1-0: Called Strike
1-1: Called Strike
1-2: Ball
2-2: Strikes out looking
Batting: RHB Akke Derksen 0-0: Ball
1-0: Ground out 6-3 (Groundball, 6S)
César Ramos to second
Batting: RHB Javier López 0-0: Swinging Strike
0-1: Ground out U3 (Groundball, 34)
Bottom of the 7th over - 0 runs, 0 hits, 0 errors, 1 left on base; Brinkley 3 - Gryfindor 2
TOP OF THE 8TH
Brinkley Belugas batting - Pitching for Gryfindor Braves : RHP Dusty Fox
Batting: RHB Guy Toussaint 0-0: Ball
1-0: Foul Ball, location: 2F
1-1: Fly out, F9 (Flyball, 9D)
Batting: LHB William O'Keefe 0-0: Called Strike
0-1: SOLO HOME RUN (Flyball, 89XD), Distance : 433 ft
Batting: RHB Felix Plugge 0-0: Fly out, F7 (Line Drive, 7)
Batting: RHB Cisco Feijoo 0-0: Fly out, F7 (Line Drive, 78M)
Top of the 8th over - 1 run, 1 hit, 0 errors, 0 left on base; Brinkley 4 - Gryfindor 2
BOTTOM OF THE 8TH
Gryfindor Braves batting - Pitching for Brinkley Belugas : RHP Desiderio Toccafundo
Batting: RHB Panas Pletnev 0-0: SINGLE (Flyball, 7S)
Batting: LHB José Cuervo 0-0: Ball
1-0: Foul Ball, location: 2F
1-1: Called Strike
1-2: Foul Ball, location: 2F
1-2: Foul Ball, location: 2F
1-2: Ball
2-2: Ball
3-2: Fly out, F9 (Flyball, 9LSF)
Batting: SHB Fernando Sánchez 0-0: Ball
1-0: Called Strike
1-1: Foul Ball, location: 2F
1-2: Ball
2-2: Ball
3-2: Foul Ball, location: 2F
3-2: Strikes out swinging
Batting: LHB Austin Hathaway 0-0: Ball
1-0: Fly out, F8 (Flyball, 8LD)
Bottom of the 8th over - 0 runs, 1 hit, 0 errors, 1 left on base; Brinkley 4 - Gryfindor 2
TOP OF THE 9TH
Brinkley Belugas batting - Pitching for Gryfindor Braves : RHP Dusty Fox
Batting: RHB Jason Bringle 0-0: Foul Ball, location: 2F
0-1: Ball
1-1: Ball
2-1: Foul Ball, location: 2F
2-2: Strikes out swinging
Batting: RHB Martín Alejadre 0-0: Ball
1-0: SINGLE (Flyball, 8RS)
Batting: RHB Oscar Gandarilla 0-0: Called Strike
0-1: Called Strike
0-2: Ball
1-2: Grounds into double play, 5-4-3 (Groundball, 56)
Top of the 9th over - 0 runs, 1 hit, 0 errors, 0 left on base; Brinkley 4 - Gryfindor 2
BOTTOM OF THE 9TH
Gryfindor Braves batting - Pitching for Brinkley Belugas : RHP Desiderio Toccafundo
Batting: LHB Fernando Ramírez 0-0: Ball
1-0: Swinging Strike
1-1: Ball
2-1: Ball
3-1: Called Strike
3-2: Base on Balls
Batting: RHB César Ramos 0-0: DOUBLE (Line Drive, 7LD)
Fernando Ramírez to third
Batting: RHB Ramón Valdéz 0-0: Fly out, F9 (Flyball, 9)
Batting: RHB Akke Derksen 0-0: Swinging Strike
0-1: Ball
1-1: Ball
2-1: Swinging Strike
2-2: Foul Ball, location: 2F
2-2: Ball
3-2: Strikes out swinging
Batting: RHB Javier López 0-0: Called Strike
0-1: Ground out 5-3 (Groundball, 56S)
Bottom of the 9th over - 0 runs, 1 hit, 0 errors, 2 left on base; Brinkley 4 - Gryfindor 2
Saturday, December 22nd, 2018 - OOTP Baseball 18.8 Build 76